 Dungeon Crawl Stone Soup version 0.30.0-29-ga12c61a403 (webtiles) character file.

Game seed: 1393699481042784597

2620 RKaid the Fighter (level 9, 44/76 HPs)
             Began as a Demonspawn Wanderer on June 6, 2023.
             Quit the game on level 7 of the Dungeon.
             The game lasted 00:10:58 (5762 turns).

RKaid the Fighter (Demonspawn Wanderer)             Turns: 5762, Time: 00:10:58

Health: 44/76      AC: -1    Str: 14    XL:     9   Next: 34%
Magic:  12/12      EV: 17    Int: 14    God:
Gold:   317        SH:  0    Dex: 15    Spells: 12/12 levels left

rFire   . . .        y - +3 whip (elec)
rCold   x . .        x - orb {light}
rNeg    + . .        b - +2 troll leather armour {Pargi}
rPois   .            (helmet restricted)
rElec   .            H - +0 cloak
rCorr   .            (no gloves)
SInv    +            (no boots)
Will    +....        C - amulet of the acrobat
Stlth   +            J - ring of see invisible {sInv}
HPRegen 1.12/turn    G - ring of positive energy {rN+}
MPRegen 0.13/turn

%: acrobat
@: corroded, glowing
A: horns 2, repulsion field 1, foul stench 2, strong-willed 1, cold
vulnerability 1
a: no special abilities


You were on level 7 of the Dungeon.
You visited 1 branch of the dungeon, and saw 7 of its levels.
You also visited: Sewer.

You collected 317 gold pieces.

Inventory:

Hand Weapons
 a - a +0 dagger
 e - a +0 spear
   (You found it on level 1 of the Dungeon)
 m - a +1 dagger of freezing
   (You found it on level 1 of the Dungeon)
 y - a +3 whip of electrocution (weapon)
   (You took it off a kobold in a sewer)
Armour
 b - a +2 troll leather armour (worn) {Pargi}
   (You found it in a sewer)
 g - a +0 robe
 x - an orb of light (worn)
   (You found it in a sewer)
 H - a +0 cloak (worn)
   (You found it on level 6 of the Dungeon)
Jewellery
 i - an amulet of guardian spirit
   (You found it on level 4 of the Dungeon)
 C - an amulet of the acrobat (around neck)
   (You found it on level 4 of the Dungeon)
 G - a ring of positive energy (right hand) {rN+}
   (You found it on level 6 of the Dungeon)
 J - a ring of see invisible (left hand) {sInv}
   (You found it on level 6 of the Dungeon)
Wands
 d - a wand of flame (5)
 j - a wand of mindburst (15)
   (You found it on level 7 of the Dungeon)
 F - a wand of charming (9)
   (You found it on level 5 of the Dungeon)
Scrolls
 f - 3 scrolls of magic mapping {!r}
 k - 2 scrolls of butterflies
 n - 2 scrolls of immolation {!r}
 o - a scroll of enchant armour
 p - 2 scrolls of brand weapon
 q - a scroll of vulnerability {!r!r}
 t - 6 scrolls of teleportation
Potions
 c - 11 potions of curing
 h - 2 potions of heal wounds
 l - a potion of degeneration {unknown}
 r - a potion of lignification {unknown}
 u - a potion of haste {unknown}
 v - a potion of brilliance {unknown}
 z - a potion of might {unknown}
 A - 3 potions of flight
 B - a potion of ambrosia {unknown}
 D - a potion of berserk rage {!q}
 E - 2 potions of cancellation {unknown}


   Skills:
 + Level 9.0 Fighting
 + Level 8.5 Dodging
 - Level 2.0 Spellcasting
 - Level 1.0 Air Magic
 - Level 3.0 Poison Magic
 - Level 2.0 Evocations


You had 12 spell levels left.
You didn't know any spells.
Your spell library contained the following spells:

 Spells                   Type           Power      Damage    Failure   Level
 Sting                    Tmut/Pois      20%        1d4       16%         1
 Shock                    Conj/Air       8%         1d3       24%         1
 Cigotuvi's Dreadful Rot  Necr/Pois/Air  10%        N/A       26%         2
 Beastly Appendage        Tmut           2%         N/A       30%         1
 Blink                    Tloc           2%         N/A       41%         2
 Wereblood                Tmut           1%         N/A       41%         2
 Spider Form              Tmut/Pois      5%         N/A       43%         3
 Ignite Poison            Fire/Tmut/Pois 4%         N/A       52%         3
 Swiftness                Air            4%         N/A       52%         3
 Manifold Assault         Tloc           1%         N/A       96%         4
 Storm Form               Tmut/Air       1%         N/A       100%        7


Dungeon Overview and Level Annotations

Branches:
Dungeon (7/15)             Temple (0/1) D:5           Sewer (visited)

Altars:
Gozag

Shops:
D:6 *


Innate Abilities, Weirdness & Mutations

You have a pair of horns on your head.
You are surrounded by a mild repulsion field. (EV +2)
You sometimes emit foul miasma when damaged in melee.
You are strong-willed. (Will+)
You are vulnerable to cold. (rC-)


Message History

The white imp gestures at you. The puff of frost hits you!
You feel a terrible chill! The white imp gestures at you.
The puff of frost hits you!
You feel a terrible chill!
The centaur wields a +0 shortbow.
The centaur shoots an arrow.
The arrow completely misses you.
You hit Menkaure. Lightning courses through Menkaure! You headbutt Menkaure.
You destroy Menkaure!
The white imp gestures at you. The puff of frost hits you.
You feel a terrible chill!
You hit the centaur but do no damage.
The centaur unwields a +0 shortbow.
The centaur hits you. The centaur misses you.
You hit the centaur. Lightning courses through the centaur!
The centaur barely misses you.
The centaur kicks you but does no damage.
The centaur hits you but does no damage.
The centaur completely misses you.
You barely miss the centaur. The centaur barely misses you.
The centaur misses you. The centaur closely misses you.
The centaur kicks you but does no damage.
You hit the centaur. You headbutt the centaur. The centaur misses you.
The centaur barely misses you. The white imp barely misses you.
You hit the centaur.
You kill the centaur!
The white imp hits you but does no damage.
Your Fighting skill increases to level 9!
You hit the white imp but do no damage. The white imp barely misses you.
You hit the white imp. The white imp gestures at you.
The puff of frost misses you.
You hit the white imp. Your headbutt misses the white imp.
The white imp barely misses you. The white imp gestures at you.
The puff of frost misses you.
You whack the white imp!
Lightning courses through the white imp!
You kill the white imp!
No target in view!
No target in view!
No target in view!
No target in view!
No target in view!
No target in view!
No target in view!
No target in view!
No target in view!
No target in view!
No target in view!
No target in view!
No target in view!
No target in view!
No target in view!
t - 3 scrolls of teleportation (gained 1)
c - 11 potions of curing (gained 1)
t - 4 scrolls of teleportation (gained 1)
t - 6 scrolls of teleportation (gained 2)
A jelly comes into view.
A jelly is nearby!
A jelly is nearby!
The jelly quivers.
No target in view!
No target in view!
No target in view!
No target in view!
No target in view!
No target in view!
No target in view!
No target in view!
No target in view!
No target in view!
No target in view!
No target in view!
No target in view!
You whack the jelly!
Your hands burn!
The jelly hits you but does no damage.
You hit the jelly.
Your hands burn!
The jelly hits you but does no damage.
You hit the jelly.
Your hands burn!
The jelly hits you.
You are splashed with acid!
You hit the jelly.
Your hands burn!
You headbutt the jelly, but do no damage.
The jelly hits you. The acid corrodes you!
You are splashed with acid.
You emit a cloud of foul miasma!
You hit the jelly but do no damage. The acid corrodes you!
Your hands burn!
You headbutt the jelly, but do no damage.
The jelly is engulfed in dark miasma.
The jelly is poisoned.
You kill the jelly!
You are too injured to fight recklessly!
You are too injured to fight recklessly!
You are too injured to fight recklessly!
You are too injured to fight recklessly!
You are too injured to fight recklessly!
You are too injured to fight recklessly!
You are too injured to fight recklessly!
You are too injured to fight recklessly!
You are too injured to fight recklessly!
You are too injured to fight recklessly!
You are too injured to fight recklessly!
You are too injured to fight recklessly!
You are too injured to fight recklessly!
You are too injured to fight recklessly!
Are you sure you want to abandon this character and quit the game? (Confirm with "yes".)

##.###.......##
#... #.#
##.....## #..
#.# #####.# #.
#.# .# #.# ..
#.# #.# #.##
#..# ##@#
#....ยง....#
#.........#
#$........#
#.........#
###########


There were no monsters in sight!

Vanquished Creatures
  Maggie (D:7)
  Menkaure (D:7)
  2 water moccasins
  2 ogres
  Pargi (Sewer)
  2 black bears
  A sky beast (D:6)
  3 centaurs
  3 phantoms
  4 scorpions
  5 hounds
  5 jellies
  An orc priest (D:3)
  3 sleepcaps
  2 iguanas
  2 orc wizards
  15 adders
  2 shadow imps
  2 white imps
  An ufetubus (D:5)
  A worm (D:3)
  3 dart slugs
  20 orcs
  11 ball pythons
  4 bats
  2 endoplasms (D:2)
  4 giant cockroaches
  2 goblins
  9 hobgoblins
  4 jackals (D:2)
  4 kobolds
  9 quokkas
  2 frilled lizards
  8 rats
141 creatures vanquished.

Notes
Turn   | Place    | Note
-------+----------+-------------------------------------------
     0 | D:1      | RKaid the Demonspawn Wanderer began the quest for the Orb.
     0 | D:1      | RKaid set off with the following items: a +0 dagger, a
                  | potion of berserk rage {!q}, a +0 robe, a wand of flame
                  | (5); and the following spells available to memorise: Sting,
                  | Shock, Cigotuvi's Dreadful Rot, Ignite Poison, Swiftness.
     0 | D:1      | Reached XP level 1. HP: 13/13 MP: 3/3
   102 | D:1      | Reached skill level 2 in Dodging
   132 | D:1      | Reached skill level 1 in Fighting
   151 | D:1      | Gained mutation: You have a pair of small horns on your
                  | head. [demonic ancestry]
   151 | D:1      | Reached XP level 2. HP: 18/21 MP: 5/5
   999 | D:2      | Found a faded altar of an unknown god.
  1015 | D:2      | Reached XP level 3. HP: 21/27 MP: 6/6
  1079 | D:2      | Reached skill level 2 in Fighting
  1307 | D:2      | Reached skill level 3 in Dodging
  1472 | D:2      | Gained mutation: You are surrounded by a mild repulsion
                  | field. (EV +2) [demonic ancestry]
  1472 | D:2      | Reached XP level 4. HP: 22/34 MP: 7/7
  2430 | D:3      | Found a glowing drain.
  2434 | Sewer    | Entered a sewer
  2479 | Sewer    | Noticed Pargi
  2488 | Sewer    | Killed Pargi
  2489 | Sewer    | Reached skill level 3 in Fighting
  2489 | Sewer    | Reached XP level 5. HP: 25/41 MP: 8/8
  2956 | D:3      | Reached skill level 4 in Dodging
  3062 | D:3      | Reached skill level 4 in Fighting
  3068 | D:3      | Gained mutation: You have a pair of horns on your head.
                  | [demonic ancestry]
  3068 | D:3      | Reached XP level 6. HP: 45/48 MP: 9/9
  3653 | D:4      | Gained mutation: Your flesh is heat resistant. (rF+)
                  | [potion of mutation]
  3653 | D:4      | Gained mutation: You have a pair of large horns on your
                  | head. [potion of mutation]
  3654 | D:4      | Lost mutation: You have a pair of large horns on your head.
                  | [potion of mutation]
  3654 | D:4      | Lost mutation: Your flesh is heat resistant. (rF+) [potion
                  | of mutation]
  3654 | D:4      | Gained mutation: You are vulnerable to cold. (rC-) [potion
                  | of mutation]
  3654 | D:4      | Gained mutation: You are strong-willed. (Will+) [potion of
                  | mutation]
  3670 | D:4      | Reached skill level 5 in Dodging
  3756 | D:4      | Reached skill level 5 in Fighting
  3999 | D:5      | Entered Level 5 of the Dungeon
  4010 | D:5      | Gained mutation: You may rarely emit foul miasma when
                  | damaged in melee. [demonic ancestry]
  4010 | D:5      | Reached XP level 7. HP: 55/56 MP: 10/10
  4302 | D:5      | Reached skill level 6 in Fighting
  4307 | D:5      | Reached skill level 6 in Dodging
  4426 | D:5      | Found an opulent altar of Gozag.
  4479 | D:5      | Gained mutation: You sometimes emit foul miasma when
                  | damaged in melee. [demonic ancestry]
  4479 | D:5      | Reached XP level 8. HP: 65/65 MP: 11/11
  4610 | D:5      | Found a staircase to the Ecumenical Temple.
  5022 | D:6      | Reached skill level 7 in Fighting
  5074 | D:6      | Reached skill level 7 in Dodging
  5241 | D:6      | Found Zin's Purification Station.
  5386 | D:6      | Reached skill level 8 in Fighting
  5614 | D:7      | Reached XP level 9. HP: 68/74 MP: 12/12
  5683 | D:7      | Noticed Maggie
  5690 | D:7      | Killed Maggie
  5691 | D:7      | Reached skill level 8 in Dodging
  5707 | D:7      | Noticed Menkaure
  5711 | D:7      | Killed Menkaure
  5717 | D:7      | Reached skill level 9 in Fighting
  5762 | D:7      | Quit the game

Illustrated notes

Levels and vault maps discovered:
D:1:      lemuel_arrival_room, layout_basic
D:2:      layout_basic, shapermc_ecumenical_altar_mp_highgroup, minmay_between
D:3:      layout_loops_ring, gup_sewer_entry_spiral, roderic_serpentine_path,
          minivault_25
D:4:      layout_basic
D:5:      layout_basic, lemuel_crystal_altar, temple_fountains,
          minmay_misc_feat_plants
D:6:      layout_basic, zin_purify, kennysheep_nub, skrybe_limestone_x
D:7:      layout_rooms, uniq_menkaure, uniq_maggie, uniq_crazy_yiuf_cottage

Skill      XL: |  1  2  3  4  5  6  7  8  9 |
---------------+----------------------------+-----
Dodging        | 2 3 4 5 6 7 8 |  8.5
Fighting       | 1 2 3 4 5 6 8 9 |  9.0
Spellcasting   | |  2.0
Air Magic      | |  1.0
Poison Magic   | |  3.0
Evocations     | |  2.0

Action                     |  1- 3 |  4- 6 |  7- 9 || total
---------------------------+-------+-------+-------++-------
  Melee: Dagger            |   143 |    97 |       ||   240
         Headbutt          |    19 |    38 |    42 ||    99
         Whip              |       |    88 |   180 ||   268
    Use: Scroll            |       |    10 |     7 ||    17
         Potion            |       |     3 |       ||     3
   Stab: Sleeping          |       |     1 |       ||     1
 Armour: Robe              |    14 |    15 |       ||    29
         Troll leather arm |       |    15 |    31 ||    46
  Dodge: Dodged            |    94 |   122 |   151 ||   367

Table legend: (Time is in decaauts)
 A = Elapsed time spent in this place.
 B = Non-inter-level travel time spent in this place.
 C = Inter-level travel time spent in this place.
 D = Time resting spent in this place.
 E = Time spent auto-exploring this place.
 F = Levels seen in this place.
 G = Mean time per level.
                   A        B        C        D        E       F      G
               +--------+--------+--------+--------+--------+-----+--------+
         Total |   5800 |   5602 |    198 |    465 |   3845 |   8 |  725.0 |
       Dungeon |   5507 |   5309 |    198 |    351 |   3811 |   7 |  786.7 |
         Sewer |    293 |    293 |      0 |    114 |     34 |   1 |  293.0 |
               +--------+--------+--------+--------+--------+-----+--------+

Top non-repeatable levels by time:
     D:3: 1130 daAuts
     D:2: 1084 daAuts
     D:1: 933 daAuts
     D:5: 928 daAuts
     D:6: 616 daAuts
     D:4: 579 daAuts
   Sewer: 293 daAuts
     D:7: 235 daAuts

Table legend:
 A = Kills in this place as a percentage of kills in the entire game.
 B = Kills by you in this place as a percentage of kills by you in the entire game.
 C = Kills by friends in this place as a percentage of kills by friends in the entire game.
 D = Other kills in this place as a percentage of other kills in the entire game.
 E = Experience gained in this place as a percentage of experience gained in the entire game.
 F = Experience gained in this place divided by the number of levels of this place that you have seen.
                   A       B       C       D       E      F
               +-------+-------+-------+-------+-------+----------------------
         Total | 100.0 | 100.0 |   N/A |   N/A | 100.0 | 468.0
       Dungeon |  97.2 |  97.2 |   N/A |   N/A |  96.3 | 514.9
         Sewer |   2.8 |   2.8 |   N/A |   N/A |   3.7 | 140.0
               +-------+-------+-------+-------+-------+----------------------
